 Dungeon Crawl Stone Soup version 0.22-a0-402-ga933591 (webtiles) character file.

57 mortelune the Firebug (level 3, -7/19 HPs)
             Began as a Deep Elf Fire Elementalist on May 6, 2018.
             Mangled by Natasha (10 damage)
             ... on level 3 of the Dungeon.
             The game lasted 00:04:04 (2922 turns).

mortelune the Firebug (Deep Elf Fire Elementalist)  Turns: 2922, Time: 00:04:05

Health: -7/19      AC:  3    Str:  5    XL:     3   Next: 73%
Magic:  6/10       EV: 13    Int: 20    God:
Gold:   58         SH:  0    Dex: 15    Spells: 3/9 levels left

rFire    . . .     SeeInvis .   o - +2 whip (freeze)
rCold    . . .     Gourm    .   (no shield)
rNeg     . . .     Faith    .   a - +0 robe
rPois    .         Spirit   .   (no helmet)
rElec    .         Reflect  .   (no cloak)
rCorr    .         Harm     .   (no gloves)
MR       .....                  i - +0 pair of boots
Stlth    ++........             (no amulet)
HPRegen  0.06/turn              (no ring)
MPRegen  0.12/turn              (no ring)

@: no status effects
A: no striking features
a: no special abilities


You were on level 3 of the Dungeon.
You were hungry.

You visited 1 branch of the dungeon, and saw 3 of its levels.

You collected 58 gold pieces.

Inventory:

Hand Weapons
 k - a +0 short sword
 o - a +2 whip of freezing (weapon)
Armour
 a - a +0 robe (worn)
 i - a +0 pair of boots (worn)
Scrolls
 b - a scroll of blinking {unknown}
 e - a scroll of teleportation
 f - a scroll of fog {unknown}
 g - a scroll of enchant weapon {unknown}
 h - a scroll of remove curse
 j - a scroll of identify {unknown}
 l - a scroll of random uselessness {unknown}
Potions
 d - a potion of resistance {unknown}
 m - a potion of curing {unknown}
 n - a potion of might {unknown}
Comestibles
 c - 3 rations


   Skills:
 + Level 3.0 Dodging
 - Level 2.4 Stealth
 + Level 3.6 Spellcasting
 * Level 2.4 Conjurations
 * Level 3.9 Fire Magic


You had 3 spell levels left.
You knew the following spells:

 Your Spells              Type           Power        Failure   Level  Hunger
a - Flame Tongue          Conj/Fire      ###..        3%          1    None
b - Throw Flame           Conj/Fire      ###...       5%          2    ##.....
c - Conjure Flame         Conj/Fire      ###.....     11%         3    ###....


Dungeon Overview and Level Annotations

Branches:
Dungeon (3/15)

Altars:
Ashenzari
Cheibriados
Elyvilon
Qazlal
Vehumet
Zin
The Shining One

Annotations:
D:3 Natasha


Message History

The flame tongue misses Natasha.
Natasha claws you!
Ouch! That really hurt!
Casting: Flame Tongue (safe; 3% risk of failure)
Confirm with . or Enter, or press ? or * to list all spells.
Aiming: Flame Tongue (safe; 3% risk of failure)
Press: ? - help, Shift-Dir - straight line, f/p - Natasha
Aim: Natasha (heavily wounded)
The flame tongue hits Natasha.
Natasha is almost dead.
Natasha stares at you and mumbles some strange words.
The magic dart hits you!
* * * LOW HITPOINT WARNING * * *
Casting: Flame Tongue (safe; 3% risk of failure)
Confirm with . or Enter, or press ? or * to list all spells.
Aiming: Flame Tongue (safe; 3% risk of failure)
Press: ? - help, Shift-Dir - straight line, f/p - Natasha
Aim: Natasha (almost dead)
The flame tongue misses Natasha.
Natasha claws you!
Ouch! That really hurt!
You die...

.##### #
......####.#
......h....#
#@# #.# #.#
#.# #.# #.#
#.# #.# #.#


You could see Natasha.

Vanquished Creatures
  An adder (D:2)
  A worm (D:2)
  A leopard gecko (D:2)
  An orc (D:2)
  8 bats
  5 giant cockroaches (D:1)
  4 goblins
  5 hobgoblins
  4 frilled lizards
  6 kobolds
  3 rats (D:2)
39 creatures vanquished.

Vanquished Creatures (others)
  A goblin (D:2)
1 creature vanquished.

Grand Total: 40 creatures vanquished

Notes
Turn   | Place    | Note
-------+----------+-------------------------------------------
     0 | D:1      | mortelune the Deep Elf Fire Elementalist began the quest for the Orb.
     0 | D:1      | Reached XP level 1. HP: 10/10 MP: 6/6
   237 | D:1      | Reached XP level 2. HP: 15/15 MP: 6/8
   245 | D:1      | Learned a level 2 spell: Throw Flame
  1503 | D:2      | Reached XP level 3. HP: 19/19 MP: 7/10
  1508 | D:2      | Learned a level 3 spell: Conjure Flame
  1821 | D:2      | Found a snail-covered altar of Cheibriados.
  1821 | D:2      | Found a glowing golden altar of the Shining One.
  1826 | D:2      | Found a white marble altar of Elyvilon.
  1878 | D:2      | Found a shattered altar of Ashenzari.
  1879 | D:2      | Found a glowing silver altar of Zin.
  2546 | D:2      | Found a stormy altar of Qazlal.
  2674 | D:2      | Found a radiant altar of Vehumet.
  2918 | D:3      | Noticed Natasha
  2922 | D:3      | Mangled by Natasha

Vault maps used:
D:1:      grunt_arrival_lava_bath
D:2:      chequers_temple_overflow_minitemple, fiery_altar_vehumet, minivault_4,
          grunt_qazlal_clouds
D:3:      kennysheep_generic_room_13, uniq_natasha, uniq_grinder

Skill      XL: |  1  2  3 |
---------------+----------+-----
Conjurations   | 2 |  2.4
Dodging        | 3 |  3.0
Stealth        | |  2.4
Spellcasting   | |  3.6
Fire Magic     | |  3.9

Action                   || total
-------------------------++-------
Melee: Unarmed           ||     1
 Cast: Flame Tongue      ||    41
       Throw Flame       ||    24
  Use: Scroll            ||     2
  Eat: Chunk             ||     6
Armor: Robe              ||     2
Dodge: Dodged            ||     4

Table legend:
 A = Spawn XP
 B = Non-spawn XP
 C = Spawn XP percentage of total XP
 D = Spawn monster count
 E = Non-spawn monster count
 F = Spawn count percentage of total count
 G = Total turns spent on level
                    A         B        C        D         E        F      G
               +---------+---------+-------+---------+---------+-------+---------
         Total |       0 |      82 |   0.0 |       0 |      39 |   0.0 |  2922
               +---------+---------+-------+---------+---------+-------+---------
           D:1 |       0 |      34 |   0.0 |       0 |      20 |   0.0 |  1368
           D:2 |       0 |      48 |   0.0 |       0 |      19 |   0.0 |  1539
               +---------+---------+-------+---------+---------+-------+---------
